 Dungeon Crawl Stone Soup version 0.23.2 (webtiles) character file.

Game seed: 11781157364332808447

926 Myrdil the Ducker (level 8, -6/52 HPs)
             Began as a Barachi Ice Elementalist on Mar 20, 2019.
             Was a Plaything of Xom.
             Mangled by a hornet (7 damage)
             ... on level 4 of the Dungeon on Apr 1, 2019.
             The game lasted 01:18:34 (4413 turns).

Myrdil the Ducker (Barachi Ice Elementalist)        Turns: 4413, Time: 01:18:36

Health: -6/52      AC: 15    Str:  9    XL:     8   Next: 10%
Magic:  0/11       EV: 14    Int: 18    God:    Xom [*.....]
Gold:   43         SH:  0    Dex: 13    Spells: 1/11 levels left

rFire    + . .     SeeInvis .   i - +3 dagger (chaos)
rCold    . . .     Gourm    .   (no shield)
rNeg     . . .     Faith    .   o - +2 robe of Orthodoxy {rElec rF+}
rPois    .         Spirit   .   q - +0 helmet
rElec    +         Reflect  .   l - +2 cloak
rCorr    .         Harm     .   (no gloves)
MR       .....     Rnd*Tele +   m - +0 pair of boots (curse)
Stlth    ++........             (no amulet)
HPRegen  0.17/turn              f - ring of teleportation (curse)
MPRegen  0.12/turn              (no ring)

@: lethally poisoned (-6 -> -9), icy armour, can't hop, slowed, very slow
A: +LOS, swims, deformed body, slowness 1, strong legs 1
a: Hop, Renounce Religion


You were on level 4 of the Dungeon.
You worshipped Xom.
You were a special plaything of Xom.
You were not hungry.

You visited 1 branch of the dungeon, and saw 5 of its levels.

You collected 205 gold pieces.
You spent 162 gold pieces at shops.

Inventory:

Hand Weapons
 a - a +0 short sword of protection
 b - a +0 longbow
 i - a +3 dagger of chaos (weapon)
Missiles
 g - 121 arrows
Armour
 d - a +0 leather armour of magic resistance
 k - a +3 ring mail
 l - a +2 cloak (worn)
 m - a cursed +0 pair of boots (worn)
 o - the +2 robe of Orthodoxy (worn) {rElec rF+}
   (You found it on level 4 of the Dungeon)

   It protects you from fire.
   It insulates you from electricity.
 p - a +1 robe of cold resistance
 q - a +0 helmet (worn)
Jewellery
 f - a cursed ring of teleportation (left hand)
Scrolls
 e - a scroll of immolation
Comestibles
 c - 4 rations


   Skills:
 - Level 2.5 Short Blades
 + Level 3.7 Bows
 - Level 2.7 Armour
 + Level 5.2 Dodging
 - Level 2.6 Stealth
 - Level 2.1 Spellcasting
 - Level 1.1 Conjurations
 + Level 4.7 Charms
 - Level 4.6 Ice Magic


You had one spell level left.
You knew the following spells:

 Your Spells              Type           Power        Failure   Level  Hunger
a - Freeze                Ice            ###.         2%          1    #......
b - Throw Frost           Conj/Ice       ##....       9%          2    ###....
c - Ozocubu's Armour      Chrm/Ice       ###.....     8%          3    ###....
d - Summon Ice Beast      Ice/Summ       ##......     56%         4    #####..

Your spell library contained the following spells:

 Spells                   Type           Power        Failure   Level  Hunger
 Throw Icicle             Conj/Ice       ##......     47%         4    #####..


Dungeon Overview and Level Annotations

Branches:
Dungeon (5/15)
 Temple: D:4-7

Altars:
Ashenzari
Gozag
Xom

Shops:
D:4 ?


Innate Abilities, Weirdness & Mutations

Shadows flee at your approach. (+LOS)
You can swim through water.
You cover ground slowly.
You can hop short distances.
Armour fits poorly on your strangely shaped body.


Message History

You are poisoned.
You suddenly lose the ability to move!
The hornet stings you but does no damage.
You feel yourself speed up.
You feel sick. The hornet stings you.
* * * LOW HITPOINT WARNING * * *
You feel yourself slow down.
You can move again.
You aren't carrying any potions.
You hit the hornet.
The hornet is severely wounded.
You feel sick. The hornet completely misses you. The hornet stings you!
* * * LOW HITPOINT WARNING * * *
You feel as though you will be slow longer.
You closely miss the hornet.
The hornet is severely wounded.
* * * LOW HITPOINT WARNING * * *
You feel sick. The hornet misses you. The hornet stings you!
You die...
Xom thinks this is hilarious!

#.........##..............#
#..####...######..........#
#..####...##......#########
..................##
...................#
#....###..##..##...#
#....###..######...#
#.#####...#........#
###$8.##..#....y@..#
##$$...#..#........#
##8$...'..##..##..##
##∩.8_$'..##..#####
.#8...$'o..(...#
.#∩$$..#.......#
###.8.##..##..#####
#.######..##..##..#######
)..........#............##


You could see a hornet.

Vanquished Creatures
  A blink frog (shapeshifter) (D:4)
  Duvessa (D:4)
  A sky beast (D:4)
  A phantom (D:4)
  The ghost of Borgoz the Cutter, an amateur KoMo (D:4)
  Dowan (D:4)
  A howler monkey (D:5)
  An orc wizard (D:4)
  9 adders
  A shadow imp (D:2)
  An ooze (D:1)
  An adder zombie (D:5)
  2 worms
  2 dart slugs (D:1)
  6 leopard geckos
  7 orcs (D:4)
  7 giant cockroaches
  10 goblins
  21 hobgoblins
  A jackal (D:4)
  2 quokkas
  8 bats
  5 frilled lizards
  7 kobolds
  8 rats
106 creatures vanquished.

Vanquished Creatures (collateral kills)
  The ghost of grocchini the Sneak, an amateur SpEn (D:3)
1 creature vanquished.

Grand Total: 107 creatures vanquished

Notes
Turn   | Place    | Note
-------+----------+-------------------------------------------
     0 | D:1      | Myrdil the Barachi Ice Elementalist began the quest for the
                  | Orb.
     0 | D:1      | Reached XP level 1. HP: 13/13 MP: 3/3
   140 | D:1      | Reached XP level 2. HP: 19/19 MP: 3/5
   447 | D:1      | Reached XP level 3. HP: 24/24 MP: 6/6
   454 | D:1      | Learned a level 3 spell: Ozocubu's Armour
   701 | D:1      | Reached skill level 3 in Dodging
  1205 | D:2      | Reached XP level 4. HP: 30/30 MP: 3/7
  1266 | D:2      | Found a shattered altar of Ashenzari.
  1281 | D:2      | Upgraded the game from 0.23.1-37-gaa34b87 to 0.23.2
  1410 | D:2      | Found a shimmering altar of Xom.
  1410 | D:2      | Found a shimmering altar of Xom.
  1418 | D:2      | Became a worshipper of Xom of Chaos
  1434 | D:2      | Reached skill level 1 in Armour
  1495 | D:2      | Found a faded altar of an unknown god.
  1720 | D:2      | Reached skill level 1 in Short Blades
  1756 | D:2      | XOM: cloud trail
  2044 | D:3      | Reached XP level 5. HP: 35/35 MP: 5/8
  2050 | D:3      | Learned a level 4 spell: Summon Ice Beast
  2073 | D:3      | Reached skill level 1 in Charms
  2197 | D:3      | Found a runed translucent door.
  2200 | D:3      | Noticed grocchini's ghost (amateur SpEn)
  2208 | D:3      | XOM: god gift: 5 stones
  2630 | D:3      | XOM: harmless Tmut miscast
  2655 | D:3      | Killed grocchini's ghost
  2710 | D:4      | Noticed a phantom
  2735 | D:4      | Killed a phantom
  2735 | D:4      | Reached skill level 1 in Bows
  2735 | D:4      | Reached XP level 6. HP: 30/41 MP: 0/9
  2788 | D:4      | Noticed Robin
  2788 | D:4      | Noticed Robin
  2788 | D:4      | Robin changed into Robin the jackal
  2788 | D:4      | XOM: polymorph Robin -> Robin the jackal
  2790 | D:4      | Killed Robin the jackal
  2835 | D:4      | Got a heavily jewelled robe
  2846 | D:4      | Identified the +2 robe of Orthodoxy {rElec rF+} (You found
                  | it on level 4 of the Dungeon)
  2870 | D:4      | XOM: mild Ice miscast
  3003 | D:4      | Found Xoduonai's Magic Scroll Emporium.
  3158 | D:4      | Noticed Dowan
  3256 | D:4      | Noticed Duvessa
  3267 | D:4      | Found a runed translucent gate.
  3267 | D:4      | Found a runed translucent gate.
  3267 | D:4      | Found an opulent altar of Gozag.
  3267 | D:4      | Found a runed translucent gate.
  3281 | D:4      | Noticed a shapeshifter
  3281 | D:4      | a goblin changed into a shapeshifter
  3281 | D:4      | XOM: polymorph goblin -> shapeshifter
  3281 | D:4      | Noticed a jumping spider
  3281 | D:4      | a shapeshifter changed into a jumping spider
  3357 | D:4      | Noticed a torpor snail
  3360 | D:4      | Noticed a lindwurm
  3360 | D:4      | a torpor snail changed into a lindwurm
  3373 | D:5      | Entered Level 5 of the Dungeon
  3478 | D:5      | Noticed a sky beast
  3513 | D:5      | Reached XP level 7. HP: 44/46 MP: 0/10
  3561 | D:4      | Noticed a yaktaur
  3582 | D:4      | Noticed a hornet
  3602 | D:4      | Learned a level 2 spell: Throw Frost
  3622 | D:4      | XOM: mild Conj miscast
  3631 | D:4      | Reached skill level 4 in Dodging
  3639 | D:4      | Noticed Borgoz's ghost (amateur KoMo)
  3663 | D:4      | XOM: chaos upgrade
  3677 | D:4      | Killed Dowan
  3747 | D:4      | Noticed a blink frog
  3752 | D:4      | XOM: medium Tmut miscast
  3754 | D:4      | XOM: stat loss: -1 Int (17/18)
  3764 | D:4      | Killed a blink frog
  4040 | D:4      | Bought a scroll of holy word for 90 gold pieces
  4040 | D:4      | Bought a scroll of identify for 24 gold pieces
  4040 | D:4      | Bought a scroll of identify for 24 gold pieces
  4040 | D:4      | Bought a scroll of identify for 24 gold pieces
  4128 | D:4      | XOM: smoke on damage
  4131 | D:4      | XOM: noise
  4134 | D:4      | XOM: noise
  4146 | D:4      | Killed Duvessa
  4146 | D:4      | Reached skill level 5 in Dodging
  4146 | D:4      | Reached XP level 8. HP: 13/52 MP: 3/11
  4366 | D:4      | XOM: give mutation
  4366 | D:4      | Gained mutation: Armour fits poorly on your strangely
                  | shaped body. [Xom's mischief]
  4385 | D:4      | Killed Borgoz's ghost
  4395 | D:4      | Paralysed by a hornet for 2 turns
  4410 | D:4      | Paralysed by a hornet for 2 turns
  4412 | D:4      | HP: 2/52 [hornet (10)]
  4413 | D:4      | Mangled by a hornet

Skill      XL: |  1  2  3  4  5  6  7 |
---------------+----------------------+-----
Stealth        | 2 |  2.6
Ice Magic      | 4 |  4.6
Dodging        | 3 5 |  5.2
Armour         | 1 2 |  2.7
Short Blades   | 1 2 |  2.5
Charms         | 2 3 4 |  4.7
Bows           | 1 2 3 |  3.7
Spellcasting   | |  2.1
Conjurations   | |  1.1

Action                   |  1- 3 |  4- 6 |  7- 9 || total
-------------------------+-------+-------+-------++-------
Melee: Short sword       |     9 |    74 |    26 ||   109
       Dagger            |       |       |     7 ||     7
 Fire: Longbow           |       |    52 |     8 ||    60
 Cast: Freeze            |    50 |   102 |    15 ||   167
       Summon Ice Beast  |       |     2 |       ||     2
       Ozocubu's Armour  |       |     7 |     4 ||    11
       Throw Frost       |       |       |    16 ||    16
 Abil: Hop               |       |     5 |     4 ||     9
  Use: Scroll            |     4 |     7 |     7 ||    18
       Potion            |       |     1 |     3 ||     4
 Stab: Sleeping          |     5 |     3 |       ||     8
       Distracted        |       |     1 |       ||     1
  Eat: Chunk             |     2 |    10 |       ||    12
       Ration            |       |       |     2 ||     2
Armor: Robe              |     4 |    46 |    18 ||    68
       Ring mail         |     4 |    53 |       ||    57
Dodge: Dodged            |    23 |   102 |    43 ||   168
